 Dungeon Crawl Stone Soup version 0.23-a0-644-gb60d84b635 (webtiles) character file.

36191 Napalmbreeze the Severer (level 13, -6/124 HPs)
             Began as a Deep Dwarf Monk on Jan 2, 2019.
             Was a High Priest of Makhleb.
             Mangled by an Executioner (15 damage)
             ... summoned by the player character
             ... on level 6 of the Lair of Beasts.
             The game lasted 00:29:46 (13469 turns).

Napalmbreeze the Severer (Deep Dwarf Monk)         Turns: 13469, Time: 00:29:47

Health: -6/124     AC: 16    Str: 20    XL:     13   Next: 51%
Magic:  18/18      EV: 23    Int: 11    God:    Makhleb [*****.]
Gold:   913        SH:  0    Dex: 20    Spells: 12/12 levels left

rFire    + . .     SeeInvis .   U - +2 broad axe (elec)
rCold    + . .     Gourm    .   (no shield)
rNeg     . . .     Faith    .   q - quicksilver dragon scales
rPois    +         Spirit   .   v - +1 helmet
rElec    .         Reflect  .   f - scarf {rC+ rF+}
rCorr    .         Harm     .   I - +1 pair of gloves
MR       ++...                  i - +0 pair of boots
Stlth    +++.......             (no amulet)
HPRegen  0.00/turn              m - ring of poison resistance
MPRegen  0.16/turn              w - +5 ring of slaying

@: agile, non-regenerating
A: damage resistance, heal wounds, blurry vision 1, sense surroundings 2, no
regeneration
a: Heal Wounds, Minor Destruction, Lesser Servant of Makhleb, Major Destruction,
Greater Servant of Makhleb, Renounce Religion


You were on level 6 of the Lair of Beasts.
You worshipped Makhleb.
Makhleb was extremely pleased with you.
You were not hungry.

You visited 3 branches of the dungeon, and saw 17 of its levels.
You also visited: Ossuary.

You collected 1027 gold pieces.
You spent 114 gold pieces at shops.

Inventory:

Hand Weapons
 L - a +2 great sword of holy wrath
 P - a +0 broad axe of venom
 Q - the +8 whip "Snakebite" {curare, rPois}
   (You found it on level 2 of the Lair of Beasts)

   It poisons the flesh of those it strikes.
   It protects you from poison.
 U - a +2 broad axe of electrocution (weapon)
Armour
 f - a scarf of resistance (worn)
 i - a +0 pair of boots (worn)
 q - quicksilver dragon scales (worn)
 v - a +1 helmet (worn)
 I - a +1 pair of gloves (worn)
 O - a +5 plate armour of ponderousness
Jewellery
 g - a +3 ring of protection
 k - a +2 ring of protection
 l - an uncursed ring of resist corrosion
 m - a ring of poison resistance (left hand)
 w - a +5 ring of slaying (right hand)
 y - an uncursed ring of see invisible
Wands
 d - a wand of flame (46)
 e - a wand of polymorph (11)
 F - a wand of acid (1)
 H - a wand of scattershot (12)
 K - a wand of digging (9)
Scrolls
 b - 12 scrolls of remove curse
 h - 4 scrolls of enchant armour
 j - 5 scrolls of enchant weapon
 n - 2 scrolls of fog
 s - 2 scrolls of magic mapping
 x - a scroll of summoning
 A - 6 scrolls of teleportation
 B - 2 scrolls of brand weapon
 J - 2 scrolls of fear
 N - a scroll of blinking
Potions
 a - a potion of resistance {unknown}
 o - 4 potions of flight
 r - a potion of mutation {unknown}
 t - 3 potions of heal wounds
 u - 9 potions of curing
 z - 4 potions of brilliance
 C - a potion of might
 D - 3 potions of agility
 E - 3 potions of berserk rage
 G - 3 potions of magic {unknown}
 M - 2 potions of cancellation {unknown}
 R - 2 potions of ambrosia {unknown}
Comestibles
 c - 38 rations
 p - 6 chunks of flesh


   Skills:
 + Level 10.4 Fighting
 * Level 16.0 Axes
 - Level 5.4 Armour
 + Level 8.8 Dodging
 - Level 2.4 Stealth
 + Level 12.0 Invocations
 - Level 8.0 Evocations


You had 12 spell levels left.
You didn't know any spells.
Your spell library contained the following spells:

 Spells                   Type           Power        Failure   Level  Hunger
 Corona                   Hex            #......      50%         1    ##.....
 Ensorcelled Hibernation  Hex/Ice        #.....       65%         2    ###....
 Confuse                  Hex            #.......     86%         3    ####...
 Dazzling Spray           Conj/Hex       #.....       86%         3    ####...
 Tukima's Dance           Hex            #.......     86%         3    ####...


Dungeon Overview and Level Annotations

Branches:
Dungeon (10/15)            Temple (1/1) D:5            Lair (6/6) D:9
  Swamp (0/4) Lair:3       Spider (0/4) Lair:2        Slime (0/5) Lair:5
    Orc (0/2) D:9

Altars:
Ashenzari
Cheibriados
Dithmenos
Elyvilon
Fedhas
Gozag
Hepliaklqana
Kikubaaqudgha
Makhleb
Nemelex Xobeh
Okawaru
Qazlal
Ru
Sif Muna
Trog
Uskayaw
Vehumet
Wu Jian
Xom
Yredelemnul
Zin
The Shining One

Shops:
D:8 *   D:10 *?

Annotations:
D:3 2 transporters, guttsta's ghost, amateur SpEn
D:8 1 transporter
Lair:1 exclusion: 2 oklob plants


Innate Abilities, Weirdness & Mutations

You are resistant to damage.
You can heal yourself by infusing magical energy.
You passively map the area around you.
You do not regenerate.
Scrolls take you a little longer to read.


Message History

The Executioner hits you but does no damage.
The death yak gores you!
* * * LOW HITPOINT WARNING * * *
The Executioner completely misses you.
The Executioner hits you but does no damage. x2
The death yak snorts and paws the ground.
The death yak barely misses you.
The death yak gores you but does no damage.
The yak gores the plant!
Really read with blurry vision while enemies are nearby? [Y]es or [N]o only, please.
Really read with blurry vision while enemies are nearby?
The Executioner hits you!
* * * LOW HITPOINT WARNING * * *
The Executioner completely misses you. The Executioner misses you.
The death yak misses you.
The death yak gores the plant but does no damage.
You begin reading the scroll.
You continue reading the scroll.
The Executioner hits you!
You die...

#......8......##
#.#.###.รท....## *
######## ##......#
**** , ..#..#
##...###.P# ,,,
.....# ##...#### # *
8 P....# #...###.###
** ##...#
#..##.....## * ,
#..P##*#......#.2Y###
,,** , .#.##
#......##P@1HP###..*
* , #..##
##....####YYYY....#*
, ....# ##.###
#Y###...## * ##..#
### *#YY# * ..P# * ,
...P## * #..## ,,.##
*,, .....# * ...# #
P..### Y... * P...# *
.Y##. ....# Y. , *
,,*


You could see 4 death yaks, an Executioner, a blizzard demon, a manticore and 4
yaks.

Vanquished Creatures
  Rupert (Lair:5)
  Gastronok (Lair:3)
  A fire dragon (D:9)
  3 hydras
  A catoblepas (Lair:6)
  Urug (Lair:5)
  Sonja (Lair:3)
  Pikel (D:6)
  A manticore (Lair:6)
  5 black mambas
  A torpor snail (Lair:6)
  13 spiny frogs
  4 rime drakes
  2 centaur skeletons (D:8)
  5 komodo dragons
  A troll (D:10)
  A polar bear (Lair:6)
  2 hornets
  5 hippogriffs
  9 blink frogs
  3 redbacks (Lair:2)
  3 wyverns
  38 yaks
  2 insubstantial wisps (Lair:3)
  25 water moccasins
  8 porcupines
  2 phantoms
  A swamp drake (D:9)
  3 orc warriors
  5 ogres
  A sky beast (D:8)
  2 black bears
  3 wolves (Lair:5)
  3 centaurs
  12 crocodiles
  2 big kobolds
  6 bullfrogs
  A water moccasin skeleton (D:9)
  A wyvern skeleton (D:7)
  4 scorpions
  9 killer bees (D:8)
  7 wights
  2 howler monkeys
  5 crimson imps
  3 human zombies (Ossuary)
  A centaur zombie (Ossuary)
  A jelly (D:7)
  A gnoll shaman (D:7)
  3 hounds (D:8)
  6 orc priests
  8 orc wizards
  Jessica (D:3)
  2 iguanas (D:4)
  8 worker ants
  2 big kobold zombies (Ossuary)
  A hound zombie (D:10)
  2 hound skeletons
  3 mummies
  Robin (D:2)
  12 gnolls
  16 adders
  6 shadow imps
  An ooze (D:2)
  3 adder skeletons
  4 worms
  3 dart slugs
  5 leopard geckos
  42 orcs
  11 bats
  7 giant cockroaches
  18 goblins
  21 hobgoblins
  8 jackals
  4 quokkas
  A ball python (D:5)
  5 frilled lizards
  3 goblin zombies
  11 hobgoblin zombies
  2 jackal skeletons
  28 kobolds
  8 kobold zombies (Ossuary)
  A leopard gecko skeleton (D:9)
  8 orc zombies (Ossuary)
  8 rats
  3 rat zombies (Ossuary)
  3 fungi
  3 plants
495 creatures vanquished.

Vanquished Creatures (collateral kills)
  A death yak (Lair:6)
  A black mamba (Lair:5)
  A yak (D:9)
3 creatures vanquished.

Vanquished Creatures (others)
  A goblin (D:2)
  A quokka (D:8)
  7 fungi
  6 plants
15 creatures vanquished.

Grand Total: 513 creatures vanquished

Notes
Turn   | Place    | Note
-------+----------+-------------------------------------------
     0 | D:1      | Napalmbreeze the Deep Dwarf Monk began the quest for the
                  | Orb.
     0 | D:1      | Reached XP level 1. HP: 20/20 MP: 1/1
   226 | D:1      | Reached XP level 2. HP: 21/27 MP: 2/2
   300 | D:1      | Reached skill level 1 in Armour
   547 | D:1      | Reached XP level 3. HP: 19/33 MP: 3/3
   638 | D:1      | Reached skill level 4 in Axes
  1089 | D:2      | Found a shadowy altar of Dithmenos.
  1227 | D:2      | Reached XP level 4. HP: 36/42 MP: 4/4
  1422 | D:2      | Noticed Robin
  1441 | D:2      | Killed Robin
  1963 | D:2      | Reached XP level 5. HP: 21/49 MP: 5/5
  2047 | D:3      | Reached skill level 5 in Axes
  2222 | D:3      | Reached XP level 6. HP: 55/56 MP: 4/4
  2236 | D:3      | Found a radiant altar of Vehumet.
  2482 | D:3      | Found a bloodstained altar of Trog.
  2646 | D:3      | Gained mutation: Scrolls take you a little longer to read.
                  | [mutagenic glow]
  2673 | D:3      | Reached skill level 6 in Axes
  2690 | D:3      | Noticed Jessica
  2697 | D:3      | Killed Jessica
  2697 | D:3      | Reached XP level 7. HP: 63/64 MP: 5/5
  2704 | D:3      | Found a deep blue altar of Sif Muna.
  2845 | D:3      | Found a transporter.
  2845 | D:3      | Noticed guttsta's ghost (amateur SpEn)
  2847 | D:3      | Found a transporter.
  2894 | D:3      | Reached skill level 5 in Dodging
  3135 | D:4      | Found a glowing silver altar of Zin.
  3188 | D:4      | Found an iron altar of Okawaru.
  3310 | D:4      | Found an iron altar of Okawaru.
  3354 | D:4      | Found a hazy altar of Hepliaklqana.
  3816 | D:5      | Entered Level 5 of the Dungeon
  3898 | D:5      | Found a sparkling altar of Nemelex Xobeh.
  4050 | D:5      | Found a sand-covered staircase.
  4059 | Ossuary  | Entered an ossuary
  4181 | Ossuary  | Reached skill level 7 in Axes
  4251 | Ossuary  | Reached XP level 8. HP: 39/73 MP: 6/6
  4344 | D:5      | Found a staircase to the Ecumenical Temple.
  4368 | Temple   | Entered the Ecumenical Temple
  4431 | Temple   | Became a worshipper of Makhleb the Destroyer
  4431 | Temple   | Reached * piety under Makhleb
  4431 | Temple   | Reached ** piety under Makhleb
  5020 | D:6      | Reached skill level 5 in Fighting
  5058 | D:6      | Noticed Pikel
  5109 | D:6      | Killed Pikel
  5109 | D:6      | Reached skill level 8 in Axes
  5109 | D:6      | Reached skill level 5 in Armour
  5203 | D:6      | Gained mutation: You passively map the area around you.
                  | [Deep Dwarf growth]
  5203 | D:6      | Reached XP level 9. HP: 65/81 MP: 6/6
  5205 | D:6      | Found a sacrificial altar of Ru.
  5370 | D:7      | Reached skill level 1 in Invocations
  5376 | D:7      | Reached skill level 1 in Evocations
  5405 | D:7      | Reached skill level 9 in Axes
  5795 | D:7      | Reached *** piety under Makhleb
  6459 | D:8      | Reached skill level 10 in Axes
  6489 | D:8      | Found a transporter.
  6493 | D:8      | Noticed a great orb of eyes
  6504 | D:8      | Found Gafesh's Demolitions Depot.
  6659 | D:8      | Reached XP level 10. HP: 59/92 MP: 10/10
  6890 | D:8      | Found a shimmering altar of Xom.
  6899 | D:8      | Reached **** piety under Makhleb
  6927 | D:8      | Found a stormy altar of Qazlal.
  6974 | D:8      | Found a white marble altar of Elyvilon.
  7336 | D:9      | Noticed a fire dragon
  7354 | D:9      | Killed a fire dragon
  7354 | D:9      | Reached skill level 5 in Invocations
  7364 | D:9      | Found a staircase to the Lair.
  7448 | D:9      | Reached skill level 11 in Axes
  7854 | D:9      | Found a shattered altar of Ashenzari.
  7861 | D:9      | Found an ornate altar of the Wu Jian Council.
  7951 | D:9      | Found a staircase to the Orcish Mines.
  8158 | D:10     | Entered Level 10 of the Dungeon
  8243 | D:10     | Found Gomp's Magic Scroll Shop.
  8253 | D:10     | Bought a scroll of identify for 28 gold pieces
  8253 | D:10     | Bought a scroll of identify for 28 gold pieces
  8253 | D:10     | Bought a scroll of identify for 28 gold pieces
  8259 | D:10     | Identified a scroll of acquirement
  8398 | D:10     | Reached skill level 12 in Axes
  8407 | D:10     | Reached XP level 11. HP: 100/100 MP: 13/13
  8554 | D:10     | Found Qayjaez's General Store.
  8565 | D:10     | Bought a scroll of identify for 30 gold pieces
  8782 | Lair:1   | Entered Level 1 of the Lair of Beasts
  8848 | Lair:1   | Reached ***** piety under Makhleb
  9095 | Lair:1   | Noticed an oklob plant
  9096 | Lair:1   | Noticed an oklob plant
  9207 | Lair:1   | Reached skill level 13 in Axes
  9537 | Lair:2   | Found a radiant altar of Vehumet.
  9590 | Lair:2   | Reached skill level 5 in Evocations
  9640 | Lair:2   | Found a hole to the Spider Nest.
  9936 | Lair:2   | Noticed a six-headed hydra
  9953 | Lair:2   | Killed a six-headed hydra
 10188 | Lair:2   | Found the +8 whip "Snakebite" {curare, rPois}
 10500 | Lair:3   | Found a staircase to the Swamp.
 10505 | Lair:3   | Reached XP level 12. HP: 73/112 MP: 16/16
 10527 | Lair:3   | Noticed Sonja
 10531 | Lair:3   | Killed Sonja
 10572 | Lair:3   | Noticed Gastronok
 10588 | Lair:3   | Killed Gastronok
 10588 | Lair:3   | Reached skill level 14 in Axes
 10679 | Lair:3   | Reached skill level 10 in Invocations
 10902 | Lair:3   | Found an iron altar of Okawaru.
 11000 | Lair:3   | Noticed a six-headed hydra
 11012 | Lair:3   | Killed a six-headed hydra
 11247 | Lair:4   | You fall through a shaft for 2 floors!
 11247 | Lair:6   | Entered Level 6 of the Lair of Beasts
 11285 | Lair:5   | Found a staircase to the Slime Pits.
 11722 | Lair:4   | Reached skill level 15 in Axes
 11773 | Lair:4   | Noticed a seven-headed hydra
 11786 | Lair:4   | Killed a seven-headed hydra
 12547 | Lair:5   | Noticed Rupert
 12562 | Lair:5   | Killed Rupert
 12562 | Lair:5   | Reached XP level 13. HP: 123/123 MP: 17/17
 12571 | Lair:5   | Noticed Urug
 12580 | Lair:5   | Killed Urug
 12580 | Lair:5   | Reached skill level 10 in Fighting
 13111 | Lair:6   | Reached ****** piety under Makhleb
 13429 | Lair:6   | Reached skill level 16 in Axes
 13455 | Lair:6   | Noticed an Executioner
 13466 | Lair:6   | Noticed a blizzard demon
 13469 | Lair:6   | Mangled by an Executioner

Vault maps used:
D:1:      dpeg_arrival_windows_large_door, serial_bayou_pond_a
D:2:      grunt_dithmenos_smoke, uniq_robin
D:3:      cheibrodos_greedy_goblins, tgw_sif, old_standard_altar,
          vehumet_crystals, gammafunk_ghost_arena, columned_hall_lemuel,
          corexii_leaking_fountain
D:4:      overflow_temple_1_default, zin_academy, old_standard_altar,
          minmay_misc_feat_more_columns, kennysheep_nondescript,
          okawaru_metal_pillars_3
D:5:      old_standard_altar, minmay_temple_entry_large_hall, first_ration,
          nicolae_ossuary_entry_giza
D:6:      lemuel_coloured_pillars_altar, uniq_pikel
D:8:      gammafunk_jiyva_shrine, nicolae_qazlal_general_emergency,
          elyvilon_altar_4, grunt_ogre_cave, grunt_ministairs_12,
          chequers_serial_rivers_micro_e, nicolae_blasting_shop,
          brannock_xom_greatest_gift
D:9:      minitemple, minmay_lair_entry_lava, erik_orc_1
D:10:     serial_shops, shop, shop_fountains, kennysheep_decorative_pillar
Temple:   compressed_dpeg_triangle_lava_temple
Lair:1:   minmay_lair_oklob_chamber, grunt_megastairs_2, lemuel_fruit_tree
Lair:2:   minmay_guarded_unrand_snakebite, spider_nest_entry_webs, basic_altar
Lair:3:   minmay_swamp_entry_wisps, basic_altar, grunt_megastairs_5,
          uniq_gastronok, uniq_sonja
Lair:5:   slime_dummy, serial_rivers, chequers_serial_rivers_micro_a,
          chequers_serial_rivers_micro_c, chequers_serial_rivers_micro_e,
          chequers_serial_rivers_large_b, cheibrodos_lair_caveside_slide,
          serial_bayou_shore_a, uniq_urug, uniq_rupert
Lair:6:   evilmike_catoblepas_cave, grunt_megastairs_4
Ossuary:  ossuary_tomb_1

Skill      XL: |  1  2  3  4  5  6  7  8  9 10 11 12 13 |
---------------+----------------------------------------+-----
Armour         | 1 2 3 4 5 |  5.4
Fighting       | 3 4 5 6 7 8 9 10 | 10.4
Axes           | 4 5 6 7 8 10 12 13 15 16 | 16.0
Dodging        | 4 5 6 7 8 |  8.8
Invocations    | 4 7 9 11 12 | 12.0
Evocations     | 4 6 8 |  8.0
Stealth        | |  2.4

Action                   |  1- 3 |  4- 6 |  7- 9 | 10-12 | 13-15 || total
-------------------------+-------+-------+-------+-------+-------++-------
Melee: Hand axe          |   185 |   354 |   660 |   157 |       ||  1356
       Broad axe         |       |       |       |   416 |   125 ||   541
       Whip              |       |       |       |    21 |       ||    21
Invok: Minor Destruction |       |       |     3 |     4 |       ||     7
       Lesser Servant of |       |       |       |     3 |       ||     3
       Major Destruction |       |       |       |     1 |       ||     1
       Greater Servant o |       |       |       |     1 |     3 ||     4
 Abil: Heal Wounds       |     1 |     5 |     5 |     3 |     1 ||    15
Evoke: Wand              |       |       |       |     5 |       ||     5
  Use: Scroll            |       |       |    12 |     8 |     3 ||    23
       Potion            |       |       |       |       |     1 ||     1
 Stab: Sleeping          |     1 |     4 |     6 |     3 |     1 ||    15
       Distracted        |       |       |       |       |     1 ||     1
  Eat: Chunk             |     1 |     6 |    14 |    15 |       ||    36
       Ration            |       |       |       |     1 |     1 ||     2
Armor: Robe              |     8 |       |       |       |       ||     8
       Ring mail         |    46 |    75 |       |       |       ||   121
       Quicksilver drago |       |    95 |   242 |   226 |    60 ||   623
Dodge: Dodged            |   127 |   200 |   398 |   418 |   133 ||  1276

Table legend:
 A = Non-vault XP
 B = Vault XP
 C = Vault XP percentage of total XP
 D = Non-vault monster count
 E = Vault monster count
 F = Vault count percentage of total count
                 A         B        C        D         E       F
            +---------+---------+-------+---------+---------+-------
      Total |   36602 |   15100 |  29.2 |     374 |     118 |  24.0
            +---------+---------+-------+---------+---------+-------
        D:1 |      59 |       0 |   0.0 |      31 |       0 |   0.0
        D:2 |     156 |      32 |  17.0 |      32 |      10 |  23.8
        D:3 |     494 |      55 |  10.0 |      34 |      11 |  24.4
        D:4 |     327 |       0 |   0.0 |      15 |       0 |   0.0
        D:5 |     109 |      20 |  15.5 |      12 |       3 |  20.0
        D:6 |     637 |     629 |  49.7 |      18 |       1 |   5.3
        D:7 |     744 |       0 |   0.0 |      34 |       0 |   0.0
        D:8 |    2155 |     155 |   6.7 |      36 |       2 |   5.3
        D:9 |    1867 |    1462 |  43.9 |      25 |      18 |  41.9
       D:10 |    2219 |       0 |   0.0 |      25 |       0 |   0.0
     Lair:1 |    4074 |     946 |  18.8 |      18 |       4 |  18.2
     Lair:2 |    2361 |    2515 |  51.6 |       8 |      17 |  68.0
     Lair:3 |    4926 |    3448 |  41.2 |      16 |       5 |  23.8
     Lair:4 |    4834 |       0 |   0.0 |      18 |       0 |   0.0
     Lair:5 |    1720 |    2778 |  61.8 |       9 |       2 |  18.2
     Lair:6 |    9920 |    2762 |  21.8 |      43 |       6 |  12.2
    Ossuary |       0 |     298 | 100.0 |       0 |      39 | 100.0
            +---------+---------+-------+---------+---------+-------
